 Dungeon Crawl Stone Soup version 0.27.0-1-g7a08968 (webtiles) character file.

Game seed: 1248545647817183064

1681 MercyWheel the Carver (level 8, -1/65 HPs)
             Began as a Demonspawn Chaos Knight on Aug 6, 2021.
             Was a Plaything of Xom.
             Killed from afar by a centaur (4 damage)
             ... with a bolt of acid
             ... on level 7 of the Dungeon.
             The game lasted 00:12:05 (4177 turns).

MercyWheel the Carver (Demonspawn Chaos Knight)     Turns: 4177, Time: 00:12:06

Health: -1/65      AC: 11    Str: 13 (15) XL:     8   Next: 71%
Magic:  8/8        EV: 11    Int: 11 (13) God:    Xom [.....*]
Gold:   258        SH:  9    Dex:  8 (9)  Spells: 7/7 levels left

rFire    + . .     SeeInvis .   a - +0 falchion (chaos)
rCold    . . .     Faith    .   (no shield)
rNeg     . . .     Spirit   .   h - +3 ring mail {rF+}
rPois    .         Reflect  +   (helmet restricted)
rElec    .         Harm     .   (no cloak)
rCorr    .         Rampage  .   (no gloves)
Will     .....                  (no boots)
Stlth    ..........             l - amulet of reflection
HPRegen  0.20/turn              (no ring)
MPRegen  0.11/turn              (no ring)

@: no status effects
A: talons 1, rugged brown scales 1, icemail 1, condensation shield, horns 1,
clumsy 2, deformed body, wild magic 1
a: Renounce Religion


You were on level 7 of the Dungeon.
You worshipped Xom.
You were Xom's teddy bear.
You visited 2 branches of the dungeon, and saw 8 of its levels.
You also visited: Sewer.

You collected 258 gold pieces.

Inventory:

Hand Weapons
 a - a +0 falchion of chaos (weapon)
Armour
 b - a +2 leather armour
 h - a +3 ring mail of fire resistance (worn)
 m - a +0 buckler
Jewellery
 d - an amulet of magic regeneration
 l - an amulet of reflection (around neck)
Wands
 c - a wand of mindburst (8)
Scrolls
 f - 3 scrolls of fear {unknown}
 i - a scroll of magic mapping
 j - a scroll of torment {unknown}
 n - 2 scrolls of fog {unknown}
 p - a scroll of brand weapon {unknown}
 q - a scroll of identify {unknown}


   Skills:
 * Level 6.0 Fighting
 - Level 8.0 Long Blades
 - Level 3.2 Armour
 - Level 4.1 Dodging


You had 7 spell levels left.
You didn't know any spells.
Your spell library was empty.

Dungeon Overview and Level Annotations

Branches:
Dungeon (7/15)             Temple (1/1) D:7           Sewer (visited)

Altars:
Gozag
Kikubaaqudgha
Makhleb
Okawaru
Trog
Wu Jian
Yredelemnul

Annotations:
D:6 exclusion: downstairs
D:7 Pikel


Innate Abilities, Weirdness & Mutations

You have sharp toenails.
You are partially covered in rugged brown scales. (AC +1, +3% HP)
A meltable icy envelope protects you from harm. (AC +4)
A meltable shield of frost defends you. (SH +4)
You have a pair of small horns on your head.
You are very clumsy. (Dex -4)
Armour fits poorly on your strangely shaped body.
Your spells are a little harder to cast, but a little more powerful.


Message History

The white imp is severely wounded.
You block the white imp's attack.
You hit the white imp but do no damage.
The white imp is severely wounded.
The white imp misses you.
You riposte.
You hit the white imp. Your kick misses the white imp.
The white imp is almost dead.
You hit the white imp but do no damage.
The white imp is almost dead. "Whee!"
Your surroundings suddenly seem different.
Your surroundings suddenly seem different.
Your surroundings suddenly seem different.
Your surroundings seem slightly different.
Your surroundings suddenly seem different.
Your surroundings suddenly seem different.
You are now Xom's teddy bear.
Found a robe.
You open the door.
A gnoll comes into view. It is wielding a +0 club.
A gnoll comes into view. It is wielding a +0 whip.
You close the door.
You see here a +0 robe.
A centaur comes into view. It is carrying a wand of acid (5).
The centaur shouts!
The centaur wields a +0 shortbow.
The centaur shoots an arrow.
You reflect the arrow off an invisible shield around you!
The arrow closely misses the centaur.
The centaur shoots an arrow.
The arrow closely misses you.
The centaur zaps a wand.
The bolt of acid hits you!!
* * * LOW HITPOINT WARNING * * *
You are splashed with acid!
* * * LOW HITPOINT WARNING * * *
You aren't carrying any potions.
Unknown command.
You aren't carrying any potions.
Unknown command.
The centaur zaps a wand.
The bolt of acid hits you.
You die...
Xom is highly amused!

# #............# #.#####.
#..........#.. ##......#
##..####....... .......+
....)/#....(.. #.....####.
#..#....#.#
#.....+.##..#..#....#!#
#.....#.##..#..#รท..).).
+.....#.##.........)[..
#.....@............[...
########.#.##.##..#.......
####........#.## #..?.......
#............c...##..#.......
#...[............##..........
#......#.........^...........
###+##.#....#.##.............
...#.#....#.##.............
....#.#....#.#..##..#.#..#..


You could see a centaur.

Vanquished Creatures
  Grinder (D:3)
  A water moccasin (D:6)
  Purgy (Sewer)
  An orc warrior (D:3)
  A black bear (shapeshifter) (D:7)
  A black bear (D:5)
  An ice beast (D:6)
  A necrophage (D:4)
  2 centaurs
  A bullfrog (D:7)
  Blork the orc (D:4)
  A howler monkey (D:7)
  A crimson imp (D:6)
  2 hounds (D:5)
  4 jellies
  An orc priest (D:7)
  3 iguanas
  Robin (D:4)
  3 adders
  An ufetubus (D:5)
  2 dart slugs
  13 orcs
  3 ball pythons
  3 endoplasms
  5 giant cockroaches
  12 goblins
  6 hobgoblins
  5 jackals
  5 quokkas
  2 bats
  2 frilled lizards
  3 kobolds
90 creatures vanquished.

Notes
Turn   | Place    | Note
-------+----------+-------------------------------------------
     0 | D:1      | MercyWheel the Demonspawn Chaos Knight began the quest for
                  | the Orb.
     0 | D:1      | Reached XP level 1. HP: 18/18 MP: 1/1
    57 | D:1      | XOM: silly message
    99 | D:1      | Reached skill level 3 in Long Blades
   140 | D:1      | Gained mutation: You have sharp toenails. [demonic
                  | ancestry]
   140 | D:1      | Reached XP level 2. HP: 18/24 MP: 2/2
   362 | D:2      | XOM: divination: detect creatures
   367 | D:2      | XOM: divination: detect creatures
   612 | D:2      | Found a faded altar of an unknown god.
   710 | D:3      | Gained mutation: You are partially covered in rugged brown
                  | scales. (AC +1, +3% HP) [demonic ancestry]
   710 | D:3      | Reached XP level 3. HP: 24/29 MP: 3/3
   719 | D:3      | Noticed Ijyb
   722 | D:3      | Noticed Ijyb
   722 | D:3      | Ijyb changed into Ijyb the jelly
   724 | D:3      | Killed Ijyb the jelly
   725 | D:3      | Reached skill level 4 in Long Blades
   735 | D:3      | Found a glowing drain.
   747 | D:3      | XOM: silly message
   751 | D:3      | Gained mutation: A meltable shield of frost defends you.
                  | (SH +4) [demonic ancestry]
   751 | D:3      | Reached XP level 4. HP: 18/36 MP: 4/4
   756 | Sewer    | Entered a sewer
   923 | Sewer    | Noticed Purgy
   930 | Sewer    | Killed Purgy
   931 | Sewer    | Reached skill level 5 in Long Blades
   931 | Sewer    | Reached XP level 5. HP: 30/42 MP: 5/5
   951 | Sewer    | XOM: 3-stop teleportation journey
  1143 | D:3      | XOM: 2-stop teleportation journey
  1191 | D:3      | XOM: give mutations
  1191 | D:3      | Gained mutation: You have a pair of small horns on your
                  | head. [Xom's mischief]
  1191 | D:3      | Gained mutation: You are agile. (Dex +2) [Xom's mischief]
  1222 | D:3      | Noticed an orc warrior
  1223 | D:3      | XOM: summons friendly crimson imp
  1229 | D:3      | Killed an orc warrior
  1230 | D:3      | Reached skill level 6 in Long Blades
  1237 | D:3      | Noticed Grinder
  1245 | D:3      | XOM: divination: magic mapping
  1246 | D:3      | Gained mutation: A meltable icy envelope protects you from
                  | harm. (AC +4) [demonic ancestry]
  1246 | D:3      | Reached XP level 6. HP: 38/48 MP: 6/6
  1263 | D:3      | Killed Grinder
  1361 | D:3      | XOM: give mutations
  1361 | D:3      | Lost mutation: You are agile. (Dex +2) [Xom's mischief]
  1361 | D:3      | Gained mutation: Your spells are a little harder to cast,
                  | but a little more powerful. [Xom's mischief]
  1376 | D:3      | XOM: give mutations
  1376 | D:3      | Gained mutation: You are clumsy. (Dex -2) [Xom's mischief]
  1376 | D:3      | Gained mutation: Armour fits poorly on your strangely
                  | shaped body. [Xom's mischief]
  1376 | D:3      | Gained mutation: You are very clumsy. (Dex -4) [Xom's
                  | mischief]
  1381 | D:3      | XOM: silly message
  1454 | D:4      | Reached skill level 5 in Fighting
  1454 | D:4      | Reached XP level 7. HP: 51/57 MP: 7/7
  1487 | D:4      | Noticed Robin
  1506 | D:4      | Killed Robin
  1507 | D:4      | Reached skill level 1 in Dodging
  2022 | D:4      | Noticed Blork the orc
  2030 | D:4      | XOM: confusion (+ monsters)
  2031 | D:4      | Killed Blork the orc
  2111 | D:4      | XOM: cloud trail
  2164 | D:5      | Entered Level 5 of the Dungeon
  2168 | D:5      | XOM: scenery: summon butterflies
  2643 | D:5      | XOM: torment (30/57 hp)
  2985 | D:5      | XOM: fog
  3108 | D:6      | XOM: potion effect (might)
  3114 | D:6      | Reached skill level 7 in Long Blades
  3114 | D:6      | Reached XP level 8. HP: 56/64 MP: 8/8
  3330 | D:6      | Found a burning altar of Makhleb.
  3821 | D:7      | Found a staircase to the Ecumenical Temple.
  3830 | Temple   | Entered the Ecumenical Temple
  3878 | D:7      | Noticed a shapeshifter
  3878 | D:7      | a shapeshifter changed into a black bear
  3894 | D:7      | Reached skill level 8 in Long Blades
  3958 | D:7      | Noticed Pikel
  3976 | D:7      | XOM: enchant monster (good)
  4044 | D:7      | XOM: noise
  4162 | D:7      | XOM: 6-stop teleportation journey
  4176 | D:7      | HP: 2/65 [acid (10)]
  4177 | D:7      | Killed from afar by a centaur

Illustrated notes

Levels and vault maps discovered:
D:1:      dpeg_arrival_tiny_a, layout_loops_cross, serial_park_tiny_pond,
          minmay_indecisive_spiral
D:2:      layout_loops_ring, hellmonk_ecumenical_altar_arch_garden,
          roderic_lattice_a, minmay_misc_feat_five
D:3:      layout_loops_ring, portal_sewer_entry_f, uniq_ijyb,
          uniq_crazy_yiuf_cottage, uniq_grinder
D:4:      layout_loops_ring, amcnicky_mini_rare_corridor_liquid,
          uniq_blork_the_orc, uniq_robin
D:5:      layout_loops_ring
D:6:      layout_loops_ring, makhleb_grotto_becter
D:7:      layout_basic, lemuel_temple_firewalk_b, uniq_pikel
Temple:   compressed_dpeg_triangle_lava_temple

Skill      XL: |  1  2  3  4  5  6  7  8 |
---------------+-------------------------+-----
Long Blades    | 3 4 5 6 7 8 |  8.0
Fighting       | 5 6 |  6.0
Dodging        | 4 |  4.1
Armour         | 3 |  3.2

Action                   |  1- 3 |  4- 6 |  7- 9 || total
-------------------------+-------+-------+-------++-------
Melee: Falchion          |    66 |    56 |   244 ||   366
       Kick              |    13 |    18 |    40 ||    71
       Headbutt          |       |     1 |    19 ||    20
Evoke: Wand              |       |     2 |     3 ||     5
  Use: Potion            |     1 |     1 |     4 ||     6
       Scroll            |     1 |       |     2 ||     3
 Stab: Sleeping          |       |     3 |       ||     3
       Distracted        |       |     1 |       ||     1
Armor: Leather armour    |    29 |    12 |       ||    41
       Ring mail         |       |     6 |   102 ||   108
       Skin              |       |       |    28 ||    28
Dodge: Dodged            |    51 |    24 |   125 ||   200
Block: Other             |       |     8 |   105 ||   113
       Reflection        |       |       |     4 ||     4
       Rpst.: Falchion   |    20 |     8 |    32 ||    60
